 Dungeon Crawl Stone Soup version 0.24-a0-443-g80245de385 (webtiles) character file.

Game seed: 557113289633560604

25037931 Veteran the Axe Maniac (level 27, 273/273 (277) HPs)
             Began as a Deep Dwarf Fighter on June 20, 2019.
             Was the Champion of Makhleb.
             Escaped with the Orb
             ... and 15 runes on June 22, 2019!
             The game lasted 08:13:41 (60119 turns).

Veteran the Axe Maniac (Deep Dwarf Fighter)        Turns: 60119, Time: 08:13:42

HP:   273/273 (277) AC: 48    Str: 31    XL:     27
MP:   35/35         EV: 22    Int: 17    God:    Makhleb [******]
Gold: 7922          SH:  0    Dex: 15    Spells: 45/62 levels left

rFire    + + +     SeeInvis .   D - +7 executioner's axe of Acwolyamm {drain, +Blink rF+}
rCold    + + +     Gourm    .   (shield currently unavailable)
rNeg     + + .     Faith    .   d - +12 gold dragon scales
rPois    +         Spirit   .   l - -2 hat of the Alchemist {rElec rPois rF+ rC+ rN+ MR+ rMut rCorr}
rElec    +         Reflect  .   S - +0 cloak "Tafehym" {rC+ Int+3 Dex+3}
rCorr    +         Harm     .   X - +2 pair of gloves {Str+3}
rMut     +         Clarity  +   o - +1 pair of boots {run}
MR       ++++.                  g - amulet of rage
Stlth    ..........             U - ring of the Robin {rC++ MR- Slay+4 Stlth+}
HPRegen  0.00/turn              R - +5 ring of slaying
MPRegen  0.24/turn

@: mildly poisoned (273 -> 273), non-regenerating, studying Fighting, quick
A: damage resistance, heal wounds, repulsion field 1, icy blue scales 1,
clarity, low mp 1, negative energy resistance 1, sense surroundings 3, sturdy
frame 1, no regeneration
0: Orb of Zot
}: 15/15 runes: serpentine, barnacled, slimy, silver, golden, iron, obsidian,
icy, bone, abyssal, demonic, glowing, magical, fiery, dark
a: Heal Wounds, Minor Destruction, Lesser Servant of Makhleb, Major Destruction,
Greater Servant of Makhleb, Renounce Religion, Evoke Blink, Evoke Berserk Rage


You escaped.
You worshipped Makhleb.
Makhleb was exalted by your worship.
You were full.

You visited 18 branches of the dungeon, and saw 90 of its levels.
You visited Pandemonium 1 time, and saw 15 of its levels.
You visited the Abyss 2 times.
You visited 1 bazaar.
You also visited: Sewer, Bailey and Gauntlet.

You collected 11397 gold pieces.
You spent 3475 gold pieces at shops.

Inventory:

Hand Weapons
 D - the +7 executioner's axe of Acwolyamm (weapon) {drain, +Blink rF+}
   (You took it off a yaktaur on level 5 of the Vaults)

   A truly terrible weapon, it drains the life of those it strikes.
   It protects you from fire.
   It lets you blink.
 J - a +9 vampiric broad axe
 P - the +14 obsidian axe {chop, +Fly SInv *Curse}
   (You acquired it on level 3 of the Elven Halls)

   It inflicts extra damage upon your enemies.
   It lets you see invisible.
   It lets you fly.
   It curses itself when equipped.
 T - a +3 executioner's axe of chopping
Armour
 d - +12 gold dragon scales (worn)
 l - the -2 hat of the Alchemist (worn) {rElec rPois rF+ rC+ rN+ MR+ rMut rCorr}
   (You bought it in a shop on level 2 of the Snake Pit)

   It protects you from fire.
   It protects you from cold.
   It insulates you from electricity.
   It protects you from poison.
   It protects you from negative energy.
   It affects your resistance to hostile enchantments.
   It provides partial protection from all sources of acid and corrosion.
   It protects you from mutation.
 o - a +1 pair of boots of running (worn)
 S - the +0 cloak "Tafehym" (worn) {rC+ Int+3 Dex+3}
   (You found it on level 3 of the Elven Halls)

   It affects your intelligence (+3).
   It affects your dexterity (+3).
   It protects you from cold.
 X - a +2 pair of gloves of strength (worn)
 Y - the +3 large shield of Dramatic Exits {rF+++ Str-2 Int+2}
   (You found it on level 5 of the Pits of Slime)

   It affects your strength (-2).
   It affects your intelligence (+2).
   It renders you almost immune to fire.
Jewellery
 g - an amulet of rage (around neck)
 z - the amulet of the Four Winds {rN+ MR+++ Clar}
   (You bought it in a shop on level 1 of the Snake Pit)

   [amulet of nothing]

   It protects you from negative energy.
   It affects your resistance to hostile enchantments.
   It protects you against confusion.
 K - the ring of the Snail {MR+ Dex+4 SInv}
   (You found it on level 7 of Gehenna)

   [ring of see invisible]

   It affects your dexterity (+4).
   It affects your resistance to hostile enchantments.
   It lets you see invisible.
 L - the ring of Qeutovu {rElec rPois Str+2 Int+2 Dex+4}
   (You found it on level 7 of Tartarus)

   [ring of poison resistance]

   It affects your strength (+2).
   It affects your intelligence (+2).
   It affects your dexterity (+4).
   It insulates you from electricity.
   It protects you from poison.
 R - a +5 ring of slaying (right hand)
 U - the ring of the Robin (left hand) {rC++ MR- Slay+4 Stlth+}
   (You found it on level 3 of the Elven Halls)

   [ring of stealth]

   It affects your accuracy and damage with ranged weapons and melee attacks
   (+4).
   It greatly protects you from cold.
   It affects your resistance to hostile enchantments.
   It makes you more stealthy.
Wands
 c - a wand of iceblast (28)
 p - a wand of acid (1)
 G - a wand of digging (4)
 M - a wand of disintegration (10)
 Z - a wand of clouds (5)
Scrolls
 e - 13 scrolls of fog
 h - 13 scrolls of blinking
 j - 27 scrolls of remove curse
 k - 6 scrolls of identify
 n - 16 scrolls of teleportation
 q - 3 scrolls of magic mapping
 u - 5 scrolls of immolation
 w - 6 scrolls of fear
 y - 5 scrolls of silence
 F - 3 scrolls of holy word
 Q - 7 scrolls of amnesia
 V - 3 scrolls of summoning
Potions
 m - 2 potions of might
 r - 8 potions of cancellation
 s - 2 potions of ambrosia
 t - 12 potions of mutation
 v - 7 potions of invisibility
 x - a potion of lignification
 A - 7 potions of magic
 B - 7 potions of flight
 C - a potion of heal wounds
 E - a potion of agility
 I - 12 potions of curing
 N - a potion of haste
 O - 8 potions of brilliance
 W - 3 potions of resistance
Books
 b - a manual of Fighting
Miscellaneous
 a - a figurine of a ziggurat
 i - 2 phantom mirrors
Comestibles
 f - 100 rations


   Skills:
 - Level 22.1 Fighting
 O Level 27 Axes
 O Level 27 Armour
 - Level 20.8 Dodging
 - Level 19.1 Shields
 + Level 18.3 Spellcasting
 - Level 13.1 Charms
 + Level 12.9 Summonings
 O Level 27 Necromancy
 - Level 3.3 Translocations
 + Level 20.1 Transmutations
 - Level 16.3 Invocations
 - Level 11.1 Evocations


You had 45 spell levels left.
You knew the following spells:

 Your Spells              Type           Power        Failure   Level  Hunger
a - Song of Slaying       Chrm           ######..     1%          2    None
b - Blink                 Tloc           N/A          5%          2    None
c - Aura of Abjuration    Summ           ######....   1%          5    ###....
d - Necromutation         Tmut/Necr      #######...   6%          8    #######

Your spell library contained the following spells:

 Spells                   Type           Power        Failure   Level  Hunger
 Animate Skeleton         Necr           N/A          0%          1    None
 Beastly Appendage        Tmut           ######       0%          1    None
 Corpse Rot               Necr           N/A          0%          2    None
 Sticks to Snakes         Tmut           ######..     0%          2    None
 Sublimation of Blood     Necr           #######...   0%          2    None
 Vampiric Draining        Necr           #######...   0%          3    None
 Agony                    Necr           #######.     0%          5    ###....
 Dispel Undead            Necr           #######.     0%          5    ###....
 Infusion                 Chrm           ####         1%          1    None
 Summon Butterflies       Summ           ######..     1%          1    None
 Summon Small Mammal      Summ           ####         1%          1    None
 Call Imp                 Summ           ######..     1%          2    None
 Passwall                 Tmut/Erth      #####...     1%          2    None
 Shroud of Golubria       Chrm/Tloc      #####.       1%          2    None
 Swiftness                Chrm/Air       #####...     1%          2    None
 Call Canine Familiar     Summ           ######..     1%          3    None
 Recall                   Summ/Tloc      N/A          1%          3    None
 Spider Form              Tmut/Pois      #####.....   1%          3    None
 Blade Hands              Tmut           ######....   1%          5    ###....
 Bolt of Draining         Conj/Necr      ######....   1%          5    ###....
 Borgnjor's Vile Clutch   Necr/Erth      ######....   1%          5    ###....
 Excruciating Wounds      Chrm/Necr      ######....   1%          5    ###....
 Summon Demon             Summ           ######....   1%          5    ###....
 Death Channel            Necr           #######...   1%          6    #####..
 Hydra Form               Tmut           ######....   1%          6    #####..
 Borgnjor's Revivificati  Necr           #######...   1%          8    #######
 Infestation              Necr           #######...   1%          8    #######
 Ignite Poison            Fire/Tmut/Pois #####...     2%          3    None
 Ozocubu's Armour         Chrm/Ice       #####...     2%          3    None
 Spectral Weapon          Hex/Chrm       #####...     2%          3    None
 Ice Form                 Ice/Tmut       #####...     2%          4    None
 Petrify                  Tmut/Erth      #####...     2%          4    None
 Apportation              Tloc           ####..       3%          1    None
 Summon Guardian Golem    Hex/Summ       #####...     3%          3    None
 Dragon Form              Tmut           ######....   3%          7    ######.
 Haunt                    Necr/Summ      ######....   3%          7    ######.
 Alistair's Intoxication  Tmut/Pois      #####...     6%          5    ###....
 Irradiate                Conj/Tmut      #####.....   6%          5    ###....
 Yara's Violent Unravell  Hex/Tmut       #####.....   6%          5    ###....
 Summon Ice Beast         Ice/Summ       #####...     10%         4    None
 Summon Lightning Spire   Summ/Air       #####...     10%         4    None
 Gell's Gravitas          Tloc           ####......   11%         3    None
 Lesser Beckoning         Tloc           ####......   11%         3    None
 Teleport Other           Tloc           ####....     11%         3    None
 Shadow Creatures         Summ           N/A          11%         6    #####..
 Confusing Touch          Hex            ###...       14%         1    None
 Corona                   Hex            ###....      14%         1    None
 Flame Tongue             Conj/Fire      ###..        14%         1    None
 Freeze                   Ice            ###.         14%         1    None
 Magic Dart               Conj           ###.         14%         1    None
 Sandblast                Erth           ###...       14%         1    None
 Shock                    Conj/Air       ###.         14%         1    None
 Summon Forest            Summ/Tloc      #####.....   14%         5    ###....
 Ensorcelled Hibernation  Hex/Ice        ###...       21%         2    None
 Poisonous Vapours        Pois/Air       ###...       21%         2    None
 Searing Ray              Conj           ###...       21%         2    None
 Slow                     Hex            ###.....     21%         2    None
 Throw Flame              Conj/Fire      ###...       21%         2    None
 Throw Frost              Conj/Ice       ###...       21%         2    None
 Portal Projectile        Hex/Tloc       ###...       22%         3    None
 Death's Door             Chrm/Necr      ######....   24%         8    #######
 Summon Mana Viper        Hex/Summ       #####...     26%         5    ###....
 Statue Form              Tmut/Erth      #####....    34%         6    #####..
 Confuse                  Hex            ###.....     38%         3    None
 Conjure Flame            Conj/Fire      ###.....     38%         3    None
 Dazzling Spray           Conj/Hex       ###...       38%         3    None
 Inner Flame              Hex/Fire       ###.....     38%         3    None
 Mephitic Cloud           Conj/Pois/Air  ###.....     38%         3    None
 Static Discharge         Conj/Air       ###.....     38%         3    None
 Stone Arrow              Conj/Erth      ###...       38%         3    None
 Tukima's Dance           Hex            ###.....     38%         3    None
 Monstrous Menagerie      Summ           ######....   50%         7    ######.
 Summon Greater Demon     Summ           ######....   50%         7    ######.
 Summon Hydra             Summ           ######....   50%         7    ######.
 Force Lance              Conj/Tloc      ###.....     56%         4    None
 Cause Fear               Hex            ###.......   80%         4    None
 Fulminant Prism          Conj/Hex       ###.......   80%         4    None
 Iskenderun's Mystic Bla  Conj           ###.....     80%         4    None
 Leda's Liquefaction      Hex/Erth       ###.......   80%         4    None
 Sticky Flame             Conj/Fire      ###.....     80%         4    None
 Throw Icicle             Conj/Ice       ###.....     80%         4    None
 Deflect Missiles         Chrm/Air       #####.....   80%         6    #####..
 Fireball                 Conj/Fire      ###.......   98%         5    ###....
 Lee's Rapid Deconstruct  Erth           ###.......   98%         5    ###....
 Metabolic Englaciation   Hex/Ice        ###.......   98%         5    ###....
 Silence                  Hex/Air        ###.......   98%         5    ###....
 Venom Bolt               Conj/Pois      ###.......   98%         5    ###....
 Dispersal                Tloc           ####......   99%         6    #####..
 Malign Gateway           Summ/Tloc      #####.....   99%         7    ######.
 Summon Horrible Things   Summ           ######....   99%         8    #######
 Bolt of Fire             Conj/Fire      ###.......   100%        6    #####..
 Conjure Ball Lightning   Conj/Air       ###.......   100%        6    #####..
 Darkness                 Hex            ###.......   100%        6    #####..
 Freezing Cloud           Conj/Ice/Air   ###.......   100%        6    #####..
 Invisibility             Hex            ###.....     100%        6    #####..
 Ozocubu's Refrigeration  Ice            ###.......   100%        6    #####..
 Orb of Destruction       Conj           ###.......   100%        7    ######.
 Ring of Flames           Chrm/Fire      #####.....   100%        7    ######.
 Controlled Blink         Tloc           N/A          100%        8    #######
 Discord                  Hex            ###.......   100%        8    #######
 Disjunction              Tloc           ####......   100%        8    #######
 Ignition                 Fire           ###.......   100%        8    #######
 Dragon's Call            Summ           ######....   100%        9    #######
 Shatter                  Erth           ###.......   100%        9    #######
 Tornado                  Air            ###.......   100%        9    #######
 Regeneration             Chrm/Necr      Unusable     N/A         3    N/A
 Passage of Golubria      Tloc           Unusable     N/A         4    N/A

Dungeon Overview and Level Annotations

Branches:
Dungeon (15/15)            Temple (1/1) D:7            Lair (6/6) D:11
 Shoals (4/4) Lair:4        Snake (4/4) Lair:4        Slime (5/5) Lair:5
    Orc (2/2) D:12            Elf (3/3) Orc:2        Vaults (5/5) D:13
  Crypt (3/3) Vaults:2       Tomb (3/3) Crypt:3      Depths (5/5) D:15
   Hell (1/1)                 Dis (7/7) Hell            Geh (7/7) Hell
    Coc (7/7) Hell            Tar (7/7) Hell            Zot (5/5) Depths:5

Altars:
Ashenzari
Cheibriados
Dithmenos
Elyvilon
Fedhas
Gozag
Hepliaklqana
Kikubaaqudgha
Makhleb
Nemelex Xobeh
Okawaru
Qazlal
Ru
Sif Muna
Trog
Uskayaw
Vehumet
Wu Jian
Xom
Yredelemnul
Zin
The Shining One
Jiyva

Shops:
D:7 *   D:9 **   D:10 *   D:11 (   Orc:2 :[(*   Shoals:3 **   Snake:1 }=}
Snake:2 (!%[   Vaults:3 *(   Vaults:4 [}   Depths:2 [   Depths:4 [[[

Portals:
Hell: Depths:1 Depths:2 Depths:3 Depths:4 Depths:5
Abyss: Depths:4 Depths:5
Pandemonium: Depths:3 Depths:5
Ziggurat: Depths:1

Annotations:
Lair:5 exclusion: 3 oklob plants
Shoals:4 3 runed translucent doors, exclusion: obsidian statue, Peloso's ghost, adept MiFi


Innate Abilities, Weirdness & Mutations

You are resistant to damage.
You can heal yourself by infusing magical energy.
You resist negative energy. (rN+)
You passively map a large area around you.
You do not regenerate.
You are surrounded by a mild repulsion field. (EV +2)
You are partially covered in icy blue scales. (AC +2)
You possess an exceptional clarity of mind.
Your magical capacity is low. (-10% MP)
Your movements are slightly less encumbered by armour. (ER -2)


Message History

You kill the torturous demonspawn!
Makhleb accepts your kill.
A sixfirhy comes into view.
The sixfirhy closely misses you. The sixfirhy barely misses you.
Things that are here:
a +0 demon trident of venom; a +0 scale mail; a torturous demonspawn corpse The sixfirhy hits you but does no damage.
The sixfirhy closely misses you. The sixfirhy misses you.
The sixfirhy closely misses you. The sixfirhy closely misses you.
The sixfirhy completely misses you. The sixfirhy misses you.
There is a staircase leading out of the dungeon here.
You slash the sixfirhy!
The sixfirhy is heavily wounded.
The sixfirhy closely misses you.
You slice the sixfirhy!!
You kill the sixfirhy!
Makhleb accepts your kill.
You have escaped!

######## ## *
#.####
..[.#...##.# * #.#
.#....##.# .## #.#
#...##...# #.#*,,*
#.#
......##.###.#* *
#.#
.#...#..#...#.###
#.#
#..#...#.######.##
#.#
..#.4.#)##.#3..#.#
#.#
......##.##..###@#
#.# #...#..#.#.###
### #.#
#..#.#.##)## ###.#
.#...#..#.# *
#...# .##..#..##.*
* ,, #.### .#
....#. .. ** #.#
..#...#..##.#* ,
#.# #...##.* . .#
* #.###### #### #
** ## #......#


There were no monsters in sight!

Vanquished Creatures
  Asmodeus (Geh:7)
  the Royal Jelly (Slime:5)
  Gloorx Vloq (Pan)
  Ereshkigal (Tar:7)
  Lom Lobon (Pan)
  Mnoleg (Pan)
  the Serpent of Hell (Geh:7)
  7 ancient liches
  Dispater (Dis:7)
  6 orbs of fire
  A juggernaut (Depths:5)
  4 pandemonium lords (Pan)
  38 greater mummies
  Boris (5 times) (Vaults:3 Depths:4 Crypt:2 Crypt:3 Tomb:1)
  8 Killer Klowns
  Margery (Depths:4)
  10 shard shrikes
  Saint Roka (Vaults:2)
  2 caustic shrikes (Depths:4)
  3 curse toes
  Vashnia (Snake:4)
  The ghost of iamserjio the Warrior, a veteran OpWn of Nemelex Xobeh (Depths:2)
  Jory (Tomb:2)
  Geryon (Hell)
  10 golden dragons
  Nikola (Depths:2)
  11 bone dragons
  21 Tzitzimimeh
  20 Brimstone Fiends
  2 doom hounds (Tar:7)
  3 electric golems
  5 iron giants (Dis:7)
  Jorgrun (Orc:1)
  15 Hell Sentinels
  17 tentacled monstrosities
  Asterion (Elf:1)
  9 Ice Fiends
  24 Orb Guardians (Zot:5)
  19 liches
  2 deep elf blademasters
  5 titans
  8 quicksilver dragons
  18 acid blobs
  An eldritch tentacle (Geh:7)
  A kraken (Shoals:4)
  19 Executioners
  9 ancient champions
  Gastronok (Lair:1)
  6 death cobs
  9 sphinxes
  Murray (Hell)
  5 warmongers (Pan)
  4 revenants
  Kirke (D:14)
  7 nagarajas
  A draconian monk (Zot:1)
  22 shadow dragons
  13 storm dragons
  7 tengu reavers
  21 frost giants
  3 daevas (Depths:1)
  12 azure jellies
  22 fire giants
  2 orc warlords
  13 iron dragons
  30 balrugs
  16 cacodemons
  7 deep elf sorcerers
  18 vault wardens
  2 draconian scorchers
  3 draconian knights (Zot:2)
  Louise (Snake:1)
  An angel (Zot:3)
  A spectral caustic shrike (Depths:2)
  10 ghouls
  6 ghost moths
  3 curse skulls
  A draconian stormcaller (Zot:1)
  46 reapers
  4 deep elf elementalists
  3 draconian shifters
  19 ironheart preservers
  5 draconian annihilators
  3 spriggan defenders (Depths:4)
  The ghost of PeterQ the Covert, a journeyman GnAs of Uskayaw (Lair:6)
  43 very ugly things
  2 elemental wellsprings
  29 stone giants
  2 corrupters (Pan)
  2 entropy weavers (Vaults:1)
  5 blood saints (Pan)
  30 war gargoyles
  12 vampire knights
  8 deep elf demonologists
  13 bennus
  12 spark wasps
  4 black suns (Pan)
  8 lorocyprocas
  6 yellow draconians
  12 deep elf annihilators
  A minotaur (Gauntlet)
  7 white draconians
  8 green draconians
  8 red draconians
  16 black draconians
  Azrael (Elf:2)
  12 purple draconians
  Snorg (Lair:4)
  18 blizzard demons
  16 deep elf death magi
  20 mummy priests
  26 ettins
  2 eidola
  2 crystal guardians (Crypt:3)
  8 merfolk impalers
  8 green deaths
  10 death oozes
  13 deep elf high priests
  14 fire dragons
  4 merfolk javelineers
  7 jiangshi
  5 quicksilver dragon zombies
  23 ice dragons
  Harold (D:11)
  19 great orbs of eyes
  15 yaktaur captains
  17 ogre magi
  3 hell beasts
  5 quicksilver dragon skeletons
  Erolcha (Orc:1)
  6 hydras
  36 vault guards
  15 naga warriors
  A ghost crab (Tar:7)
  3 spriggan air magi
  4 monstrous demonspawn (Pan)
  5 merfolk avatars
  10 rakshasas
  2 catoblepae (Abyss:4)
  45 two-headed ogres
  24 dancing weapons
  3 merfolk aquamancers
  2 satyrs
  6 death knights
  15 death yaks
  8 tengu warriors
  9 centaur warriors
  14 anacondas
  Urug (Orc:2)
  8 deep troll earth magi
  33 death scarabs
  7 vampire magi
  3 spriggan berserkers (Depths:5)
  11 thrashing horrors
  11 deep troll shamans
  3 orc high priests (Orc:2)
  7 titan zombies
  14 hell hogs
  4 storm dragon zombies
  15 iron golems
  5 shock serpents
  19 deep elf knights
  25 soul eaters
  17 naga sharpshooters
  26 hell knights
  A shock serpent (shapeshifter) (Depths:3)
  60 sun demons
  Nergalle (Lair:4)
  26 iron trolls
  6 titan skeletons
  112 skeletal warriors
  2 spark wasp zombies
  8 shadow wraiths
  3 storm dragon skeletons
  A salamander mystic (Snake:2)
  15 sixfirhies
  A fire crab (shapeshifter) (Vaults:4)
  2 wretched stars (Abyss:4)
  3 death drakes
  A swamp dragon (Lair:6)
  6 golden dragon zombies
  A ghost moth zombie (Geh:1)
  2 quicksilver dragon simulacra
  13 anaconda zombies
  7 glowing orange brains
  18 shadow demons
  5 unseen horrors
  5 wizards
  8 gelid demonspawn
  An entropy weaver zombie (Crypt:1)
  5 golden dragon skeletons
  26 deep trolls
  6 torturous demonspawn
  4 flayed ghosts
  22 sea snakes
  3 infernal demonspawn (Pan)
  4 anaconda skeletons
  8 naga ritualists
  18 deep elf archers
  A harpy (shapeshifter) (Vaults:1)
  11 harpies
  15 orc knights
  An orange crystal statue (Elf:1)
  4 lindwurms
  17 phantasmal warriors
  21 mana vipers
  20 ironbrand convokers
  4 shadow dragon skeletons
  24 necromancers
  An orc sorcerer (Orc:2)
  4 wolf spiders
  4 shadow dragon zombies
  2 fire giant zombies
  8 shining eyes
  3 iron dragon zombies
  48 ugly things
  52 deep elf magi
  A moth of wrath (shapeshifter) (Vaults:5)
  A lindwurm (shapeshifter) (Depths:1)
  11 cyclopes
  4 stone giant zombies
  2 frost giant zombies
  7 wolf spider zombies
  8 salamanders
  3 frost giant skeletons
  6 iron dragon skeletons
  10 manticores
  7 fauns
  28 moths of wrath
  2 centaur zombies
  7 fire giant skeletons
  An elephant (shapeshifter) (Depths:1)
  8 merfolk sirens
  5 elephants
  8 guardian serpents
  51 rust devils
  6 stone giant skeletons
  41 black mambas
  An apocalypse crab (Abyss:4)
  Psyche (D:10)
  An ice statue (Hell)
  6 dire elephant zombies
  3 torpor snails
  3 water nymphs (Shoals:4)
  Joseph (D:8)
  15 molten gargoyles
  33 smoke demons
  28 naga magi
  13 orange demons (Pan)
  2 eyes of devastation
  11 vault sentinels
  3 gargoyles
  4 shock serpent skeletons
  4 titan simulacra (Coc:7)
  3 storm dragon simulacra (Coc:7)
  2 human skeletons
  12 spiny frogs
  17 hellions
  5 komodo dragons
  3 yaktaur zombies
  5 dire elephant skeletons
  A yaktaur (shapeshifter) (Vaults:3)
  11 efreet
  A white draconian zombie (Geh:7)
  53 yaktaurs
  A kobold demonologist (D:8)
  2 emperor scorpion zombies
  25 freezing wraiths
  6 rime drakes
  5 harpy zombies
  2 demonic crawlers (Pan)
  A golden dragon simulacrum (Hell)
  A komodo dragon (shapeshifter) (Vaults:1)
  29 tormentors
  3 anaconda simulacra
  12 hellwings (Pan)
  An iron troll skeleton (Crypt:1)
  A queen bee (shapeshifter) (Vaults:2)
  2 ancient zymes (Abyss:4)
  60 guardian mummies
  29 ice devils
  43 red devils
  9 catoblepas skeletons
  A queen bee (Lair:4)
  A jumping spider (shapeshifter) (Depths:3)
  5 wind drakes
  3 meliai (Lair:4)
  3 polar bears (Lair:4)
  6 tengu conjurers
  6 hydra zombies
  A black draconian skeleton (Crypt:2)
  31 merfolk
  A shadow dragon simulacrum (Vaults:3)
  5 hornets
  11 trolls
  5 fire dragon zombies
  A dream sheep (shapeshifter) (Vaults:5)
  2 hydra skeletons
  3 harpy skeletons
  A stone giant simulacrum (Coc:6)
  2 hippogriffs (shapeshifter)
  88 slime creatures
  12 snapping turtles
  6 ice dragon zombies
  4 alligator zombies
  8 hippogriffs
  2 bog bodies (Coc:7)
  5 ettin zombies
  9 blink frogs
  15 dream sheep
  A slime creature (shapeshifter) (Depths:2)
  2 spriggans
  2 spriggan zombies
  A deep troll zombie (Hell)
  2 black mamba zombies
  3 alligator skeletons
  3 air elementals
  4 ice dragon skeletons
  110 flying skulls
  14 shadows
  16 wraiths
  5 ettin skeletons
  3 wyverns
  19 water elementals
  2 fire dragon skeletons
  A dire elephant simulacrum (Coc:1)
  26 ynoxinuls
  35 large abominations
  2 tarantellas (shapeshifter)
  4 hogs (D:14)
  A black mamba skeleton (Tar:7)
  A hog (shapeshifter) (Depths:1)
  19 ushabtiu
  A golden eye (shapeshifter) (Depths:2)
  13 golden eyes
  15 fire elementals
  A fire bat (Abyss:2)
  18 yaks
  5 basilisks
  12 chaos spawn
  22 neqoxecs
  3 vampire mosquitoes (D:12)
  A hungry ghost (Tar:7)
  5 steam dragons
  68 nagas
  2 spatial vortices (Dis:7)
  8 wargs
  2 acid dragons
  4 hydra simulacra
  7 floating eyes
  7 spiny frog zombies
  5 porcupines
  10 water moccasins
  49 orc warriors
  40 hell hounds
  A gelid demonspawn skeleton (Crypt:2)
  2 black bears (D:8)
  4 spiny frog skeletons
  A swamp drake (Lair:6)
  A black bear (shapeshifter) (Vaults:1)
  9 ice beasts
  4 snapping turtle zombies
  3 alligator simulacra
  7 eyes of draining
  17 necrophages
  3 sky beasts
  38 ogres
  6 wolves (Lair:1)
  A manticore skeleton (Crypt:3)
  10 phantoms
  A swamp dragon zombie (Tar:3)
  2 manticore zombies
  17 boggarts
  4 snapping turtle skeletons
  18 centaurs
  13 crocodiles
  A swamp dragon skeleton (Geh:3)
  9 big kobolds
  4 elf zombies
  8 small abominations
  2 human zombies
  18 bullfrogs
  A rime drake skeleton (Crypt:1)
  2 gnoll sergeants
  13 earth elementals
  3 yaktaur skeletons (Vaults:1)
  An elf skeleton (Pan)
  4 scorpions
  A tengu zombie (Hell)
  24 killer bees
  30 wights
  An electric eel (D:12)
  8 crimson imps
  4 jellies
  5 lava snakes (D:14)
  6 centaur skeletons
  A hound (D:14)
  3 quasits
  22 orc priests
  3 bullfrog skeletons
  4 bullfrog zombies
  37 iron imps
  5 iguanas
  35 orc wizards
  4 worker ants
  8 hell rats
  A killer bee zombie (D:8)
  An ogre zombie (Geh:2)
  A tengu skeleton (Crypt:1)
  59 mummies
  A howler monkey zombie (D:8)
  12 adders
  13 gnolls
  12 shadow imps
  20 white imps
  10 oozes
  A worm zombie (Crypt:1)
  2 adder skeletons
  6 ball lightnings (Pan)
  A dart slug (D:1)
  A worm (D:3)
  15 leopard geckos
  108 orcs
  7 bats
  21 giant cockroaches
  A gnoll zombie (Crypt:1)
  14 goblins
  8 hobgoblins
  6 jackals
  4 quokkas
  11 ball pythons
  A ball python zombie (Crypt:1)
  14 frilled lizards
  45 kobolds
  10 kobold skeletons (D:8)
  9 kobold zombies
  A leopard gecko skeleton (D:4)
  A leopard gecko zombie (D:5)
  13 rats
  A bush (Bazaar)
  5 crawling corpses
  14 fire vortices (Pan)
  7 fungi
  3 plants
  A tentacle (Shoals:4)
  A withered plant (Gauntlet)
4583 creatures vanquished.

Vanquished Creatures (collateral kills)
  Antaeus (Coc:7)
  Mara (Crypt:1)
  A shard shrike (Coc:7)
  Bai Suzhen (Crypt:1)
  A bone dragon (Crypt:3)
  A Brimstone Fiend (Geh:7)
  2 tentacled monstrosities
  2 Ice Fiends (Coc:7)
  A quicksilver dragon (Zot:2)
  3 Executioners (Pan)
  2 storm dragons
  A frost giant (Zot:4)
  A fire giant (Zot:4)
  A cacodemon (Pan)
  2 draconian scorchers
  3 balrugs
  A ghoul (Crypt:1)
  A draconian stormcaller (Zot:3)
  A draconian shifter (Zot:4)
  2 reapers (Coc:7)
  A war gargoyle (Crypt:3)
  2 green draconians (Zot:1)
  2 red draconians
  A black sun (Pan)
  A purple draconian (Zot:2)
  2 white draconians
  A blizzard demon (Coc:7)
  An ettin (Zot:4)
  A green death (Pan)
  A crystal guardian (Crypt:3)
  3 monstrous demonspawn (Pan)
  A rakshasa (Pan)
  2 dancing weapons (Crypt:3)
  2 sun demons (Pan)
  A titan skeleton (Crypt:3)
  A storm dragon zombie (Geh:7)
  A soul eater (Crypt:2)
  A hell knight (Crypt:3)
  8 skeletal warriors
  A storm dragon skeleton (Crypt:2)
  An infernal demonspawn (Pan)
  A glowing orange brain (Pan)
  A wizard (Pan)
  A phantasmal warrior (Crypt:1)
  2 necromancers (Crypt:3)
  2 iron dragon skeletons
  6 moths of wrath
  A storm dragon simulacrum (Coc:7)
  A stone giant skeleton (Crypt:3)
  A frost giant skeleton (Pan)
  2 orange demons (Pan)
  2 smoke demons (Pan)
  A hellion (Pan)
  2 freezing wraiths (Crypt:1)
  A white draconian skeleton (Crypt:1)
  An ice devil (Coc:7)
  2 hydra zombies
  5 red devils
  3 trolls (Zot:4)
  An iron troll skeleton (Crypt:2)
  An iron dragon simulacrum (Crypt:2)
  3 bog bodies
  An ice dragon zombie (Crypt:3)
  5 flying skulls
  An alligator skeleton (Geh:7)
  A ynoxinul (Pan)
  2 neqoxecs (Pan)
  3 chaos spawn (Pan)
  A fire elemental (Geh:7)
  A spiny frog zombie (Coc:7)
  An alligator simulacrum (Coc:7)
  A phantom (Geh:7)
  An ogre (Zot:4)
  A snapping turtle skeleton (Pan)
  A water moccasin zombie (Crypt:2)
  A white imp (Coc:7)
125 creatures vanquished.

Vanquished Creatures (others)
  Cerebov (Pan)
  An Orb Guardian (Zot:5)
  An eldritch tentacle (Pan)
  A fire giant (Depths:2)
  A reaper (Hell)
  An elemental wellspring (Coc:7)
  A quicksilver dragon zombie (Hell)
  An ice dragon (Depths:3)
  A rakshasa (Pan)
  A merfolk aquamancer (Shoals:4)
  3 hell hogs
  A deep elf knight (Elf:2)
  A skeletal warrior (Coc:7)
  2 deep elf magi
  A hellion (Geh:7)
  A tormentor (Pan)
  An alligator zombie (Coc:3)
  3 flying skulls (Geh:7)
  A wraith (Geh:5)
  A naga (Snake:4)
  A necrophage (Tar:7)
  An ogre (Vaults:3)
  A boggart (Depths:1)
  A centaur skeleton (Geh:5)
  8 ball lightnings (Pan)
  An orc (D:14)
  A block of ice (Pan)
  A fire vortex (Pan)
  10 fungi
  11 plants
  6 tentacles (Shoals:4)
  A withered plant (Gauntlet)
68 creatures vanquished.

Grand Total: 4776 creatures vanquished

Notes
Turn   | Place    | Note
-------+----------+-------------------------------------------
     0 | D:1      | Veteran the Deep Dwarf Fighter began the quest for the Orb.
     0 | D:1      | Reached XP level 1. HP: 20/20 MP: 1/1
    35 | D:1      | Reached XP level 2. HP: 25/27 MP: 2/2
   426 | D:1      | Reached XP level 3. HP: 27/34 MP: 3/3
   720 | D:2      | Reached XP level 4. HP: 26/42 MP: 4/4
  1237 | D:3      | Noticed a phantom
  1260 | D:3      | Killed a phantom
  1260 | D:3      | Reached XP level 5. HP: 33/49 MP: 4/4
  1577 | D:4      | Reached XP level 6. HP: 25/56 MP: 5/5
  1776 | D:4      | Reached skill level 5 in Axes
  2065 | D:5      | Entered Level 5 of the Dungeon
  2067 | D:5      | You fall into a shaft and drop 2 floors!
  2120 | D:7      | Reached skill level 5 in Shields
  2120 | D:7      | Reached XP level 7. HP: 21/64 MP: 6/6
  2171 | D:7      | Reached skill level 5 in Armour
  2296 | D:7      | Found Aniusun's Assorted Antiques.
  2459 | D:7      | Reached XP level 8. HP: 59/73 MP: 5/5
  2577 | D:7      | Found a staircase to the Ecumenical Temple.
  2591 | Temple   | Entered the Ecumenical Temple
  2652 | Temple   | Became a worshipper of Makhleb the Destroyer
  2755 | D:8      | Noticed Joseph
  2769 | D:8      | Killed Joseph
  2769 | D:8      | Reached skill level 5 in Fighting
  3025 | D:8      | Gained mutation: You passively map the area around you.
                  | [Deep Dwarf growth]
  3025 | D:8      | Reached XP level 9. HP: 24/81 MP: 5/5
  3026 | D:8      | Reached * piety under Makhleb
  3038 | D:8      | Found an ancient bone altar of Kikubaaqudgha.
  3038 | D:8      | Noticed a kobold demonologist
  3043 | D:8      | Noticed a sixfirhy
  3049 | D:8      | Killed a kobold demonologist
  3066 | D:8      | Got a translucent chain mail
  3093 | D:8      | Reached ** piety under Makhleb
  3134 | D:8      | Found a flagged portal.
  3136 | D:8      | Identified the +7 hunting sling of Spite {velocity, rPois
                  | Str+2}
  3170 | Bailey   | Entered a bailey
  3241 | Bailey   | Reached skill level 1 in Invocations
  3333 | Bailey   | Identified the +4 chain mail "Ennoyhor" {Dex+4}
  3336 | Bailey   | Noticed an orc knight
  3355 | Bailey   | Killed an orc knight
  3391 | Bailey   | Identified the +0 chain mail "Yleedwun" {Str+3} (You found
                  | it on level 8 of the Dungeon)
  3520 | D:8      | Reached skill level 10 in Axes
  3539 | D:8      | Reached XP level 10. HP: 43/92 MP: 8/8
  3613 | D:8      | Reached *** piety under Makhleb
  3670 | D:8      | Found a hide-covered altar of Uskayaw.
  3962 | D:9      | Found Juwkoe's Assorted Antiques.
  3993 | D:9      | Bought 2 scrolls of identify for 120 gold pieces
  4020 | D:9      | Reached **** piety under Makhleb
  4166 | D:9      | Found Dexotair's Assorted Antiques.
  4184 | D:9      | Bought a transparent marble ring for 95 gold pieces
  4185 | D:9      | Identified the ring "Cacol" {Fire *Corrode Int+4} (You
                  | bought it in a shop on level 9 of the Dungeon)
  4385 | D:6      | Found a glowing drain.
  4412 | Sewer    | Entered a sewer
  4584 | Sewer    | Reached ***** piety under Makhleb
  4654 | Sewer    | Got a jewelled dagger
  4763 | D:6      | Reached skill level 5 in Invocations
  5333 | D:5      | Identified a scroll of acquirement
  5494 | D:10     | Entered Level 10 of the Dungeon
  5494 | D:10     | Noticed Psyche
  5503 | D:10     | Killed Psyche
  5503 | D:10     | Reached XP level 11. HP: 100/100 MP: 11/11
  5515 | D:10     | Identified the +6 dagger "Jeonoh" {pierce, +Blink Dex+4
                  | Stlth+} (You found it in a sewer)
  5552 | D:10     | Found a stormy altar of Qazlal.
  5592 | D:10     | Found Vuleil's Assorted Antiques.
  5948 | D:11     | Noticed a brown ugly thing
  5963 | D:11     | Killed a brown ugly thing
  6041 | D:11     | Noticed a death yak
  6042 | D:11     | Noticed a death yak
  6044 | D:11     | Found a staircase to the Lair.
  6044 | D:11     | Noticed a death yak
  6046 | D:11     | Noticed a death yak
  6048 | D:11     | Noticed a death yak
  6050 | D:11     | Noticed a death yak
  6051 | D:11     | Killed a death yak
  6052 | D:11     | Killed a death yak
  6057 | D:11     | Killed a death yak
  6058 | D:11     | Killed a death yak
  6062 | D:11     | Killed a death yak
  6064 | D:11     | Killed a death yak
  6243 | D:11     | Noticed Harold
  6257 | D:11     | Killed Harold
  6378 | D:11     | Reached ****** piety under Makhleb
  6419 | D:11     | Found a sparkling altar of Nemelex Xobeh.
  6421 | D:11     | You fall into a shaft and drop 1 floor!
  6421 | D:12     | Found a staircase to the Orcish Mines.
  6464 | D:11     | Found Hemoi's Antique Weapon Shoppe.
  6478 | D:11     | You fall into a shaft and drop 2 floors!
  6478 | D:13     | Noticed a tengu warrior
  6484 | D:13     | Reached XP level 12. HP: 101/111 MP: 13/13
  6503 | D:13     | Killed a tengu warrior
  6524 | D:13     | Reached skill level 10 in Armour
  6645 | D:13     | Reached skill level 10 in Shields
  6759 | D:13     | Found a gate to the Vaults.
  6759 | D:13     | Noticed an ironheart preserver
  6778 | D:13     | Killed an ironheart preserver
  6833 | D:13     | Noticed a four-headed hydra
  6839 | D:13     | Killed a one-headed hydra
  7194 | D:12     | Found a blossoming altar of Fedhas.
  7645 | Lair:1   | Entered Level 1 of the Lair of Beasts
  7645 | Lair:1   | Noticed Gastronok
  7660 | Lair:1   | Killed Gastronok
  7811 | Lair:1   | Got a vibrating platinum ring
  7813 | Lair:1   | Identified the ring of Ubirghu {Fire Slay+2} (You acquired
                  | it on level 1 of the Lair of Beasts)
  8039 | Lair:2   | Reached XP level 13. HP: 121/121 MP: 16/16
  8506 | Lair:3   | Found a gate leading to a gauntlet.
  8520 | Gauntlet | Entered a Gauntlet
  8520 | Gauntlet | Found a transporter.
  8520 | Gauntlet | Found a transporter.
  8524 | Gauntlet | Noticed a death ooze
  8525 | Gauntlet | Found a transporter.
  8541 | Gauntlet | Found a transporter.
  8564 | Gauntlet | Found a transporter.
  8573 | Gauntlet | Found a transporter.
  8594 | Gauntlet | Found a transporter.
  8668 | Gauntlet | Found a transporter.
  8676 | Gauntlet | Found a transporter.
  8678 | Gauntlet | Found a transporter.
  8679 | Gauntlet | Found a transporter.
  8688 | Gauntlet | Found a transporter.
  8740 | Gauntlet | Found a transporter.
  8766 | Gauntlet | Found a transporter.
  8825 | Gauntlet | Found a transporter.
  8842 | Gauntlet | Found a transporter.
  8930 | Gauntlet | Killed a death ooze
  8985 | Gauntlet | Reached skill level 10 in Invocations
  8994 | Gauntlet | Got a coiled lead ring
  9018 | Gauntlet | Got an ancient bone amulet
  9048 | Gauntlet | Identified the amulet "Cimown" {Gourm MR- Str+2 Int+4} (You
                  | found it in a Gauntlet)
  9050 | Gauntlet | Identified the ring "Danymaon" {Str+4 Stlth-} (You found it
                  | in a Gauntlet)
  9070 | Gauntlet | Identified the ring "Caliso" {rF+ Str+4}
  9070 | Gauntlet | Noticed a minotaur
  9080 | Gauntlet | Killed a minotaur
  9096 | Gauntlet | Got a clouded steel ring
  9120 | Gauntlet | Identified the ring "Ryckimix" {*Tele *Corrode Int+4} (You
                  | found it in a Gauntlet)
  9307 | Lair:3   | Reached skill level 15 in Axes
  9527 | Lair:4   | Found a staircase to the Snake Pit.
  9530 | Lair:4   | Noticed Snorg
  9555 | Lair:4   | Killed Snorg
  9587 | Lair:4   | Noticed Nergalle
  9597 | Lair:4   | Killed Nergalle
  9776 | Lair:4   | Reached skill level 10 in Fighting
 10126 | Lair:4   | Found a staircase to the Shoals.
 10185 | Lair:5   | Gained mutation: You resist negative energy. (rN+) [Deep
                  | Dwarf growth]
 10185 | Lair:5   | Reached XP level 14. HP: 132/132 MP: 18/18
 10435 | Lair:5   | Found a viscous altar of Jiyva.
 10435 | Lair:5   | Found a staircase to the Slime Pits.
 10744 | Lair:6   | Entered Level 6 of the Lair of Beasts
 10751 | Lair:6   | Found a runed translucent door.
 10965 | Lair:6   | Noticed PeterQ's ghost (journeyman GnAs)
 10985 | Lair:6   | Killed PeterQ's ghost
 11725 | Snake:1  | Entered Level 1 of the Snake Pit
 11939 | Snake:1  | Noticed Louise
 11978 | Snake:1  | Cast into level 2 of the Abyss (Louise)
 11978 | Abyss:2  | Found a corrupted altar of Lugonu.
 12050 | Abyss:2  | Got a shimmering leather armour
 12126 | Abyss:2  | Reached XP level 15. HP: 44/140 MP: 20/20
 12208 | Abyss:2  | Noticed a lich
 12229 | Snake:1  | Escaped the Abyss
 12235 | Snake:1  | HP: 4/140 [Louise/bolt of lightning (27)]
 12244 | Snake:1  | Killed Louise
 12542 | Snake:1  | Found Zymul's Gadget Emporium.
 12542 | Snake:1  | Found Vazxyan's Jewellery Boutique.
 12543 | Snake:1  | Found Naoniri's Gadget Emporium.
 12554 | Snake:1  | Bought the amulet of the Four Winds {rN+ MR+++ Clar} for
                  | 570 gold pieces
 12554 | Snake:1  | Found the amulet of the Four Winds {rN+ MR+++ Clar}
 13237 | Snake:2  | Noticed a nagaraja
 13248 | Snake:2  | Killed a nagaraja
 13574 | Snake:2  | Identified the cursed +1 leather armour of the Sun {Int+7}
                  | (You found it on level 2 of the Abyss)
 13685 | Snake:2  | Found Cekaa's Armour Boutique.
 13685 | Snake:2  | Found Hueggont's Antique Weapon Shop.
 13687 | Snake:2  | Found Fuutyr's Food Boutique.
 13688 | Snake:2  | Found Daxzerem's Distillery.
 13716 | Snake:2  | Bought the -2 hat of the Alchemist {rElec rPois rF+ rC+ rN+
                  | MR+ rMut rCorr} for 660 gold pieces
 13716 | Snake:2  | Found the -2 hat of the Alchemist {rElec rPois rF+ rC+ rN+
                  | MR+ rMut rCorr}
 13950 | Snake:3  | Reached XP level 16. HP: 151/151 MP: 21/21
 14369 | Snake:4  | Entered Level 4 of the Snake Pit
 14529 | Snake:4  | Found a stormy altar of Qazlal.
 14732 | Snake:4  | Found a flickering gateway to a bazaar.
 14877 | Snake:4  | Noticed Vashnia
 14957 | Snake:4  | Killed Vashnia
 14988 | Snake:4  | Reached XP level 17. HP: 159/159 MP: 21/23
 15024 | Snake:4  | Reached skill level 15 in Invocations
 15077 | Bazaar   | Entered a bazaar
 15077 | Bazaar   | Found Cusuast's Gadget Boutique.
 15077 | Bazaar   | Found Essel's Assorted Antiques.
 15077 | Bazaar   | Found Detim's Distillery.
 15077 | Bazaar   | Found Ozeefuk's Gadget Boutique.
 15095 | Bazaar   | Bought a potion of degeneration for 8 gold pieces
 15100 | Bazaar   | Bought a potion of haste for 80 gold pieces
 15100 | Bazaar   | Bought a potion of mutation for 64 gold pieces
 15100 | Bazaar   | Bought a potion of heal wounds for 40 gold pieces
 15100 | Bazaar   | Bought a potion of heal wounds for 40 gold pieces
 15100 | Bazaar   | Bought a potion of curing for 24 gold pieces
 15188 | Snake:4  | Got a serpentine rune of Zot
 15431 | Shoals:1 | Entered Level 1 of the Shoals
 16549 | Shoals:3 | Found Musufe's Mayhem Merchandise.
 16554 | Shoals:3 | Found Toevvyj's Assorted Antiques.
 16896 | Shoals:4 | Entered Level 4 of the Shoals
 16976 | Shoals:4 | Found a runed translucent gate.
 16977 | Shoals:4 | Found a runed translucent gate.
 16977 | Shoals:4 | Found an opulent altar of Gozag.
 16978 | Shoals:4 | Found a runed translucent gate.
 16980 | Shoals:4 | Found Visiapta's Assorted Antiques.
 16989 | Shoals:4 | Noticed Peloso's ghost (adept MiFi)
 17471 | Shoals:4 | Reached skill level 15 in Armour
 17555 | Shoals:4 | Reached skill level 15 in Shields
 17624 | Shoals:4 | Noticed a kraken
 17644 | Shoals:4 | Killed a kraken
 17644 | Shoals:4 | Gained mutation: You passively map a large area around you.
                  | [Deep Dwarf growth]
 17644 | Shoals:4 | Reached XP level 18. HP: 169/170 MP: 24/24
 17807 | Shoals:4 | Got a barnacled rune of Zot
 17966 | Slime:1  | Entered Level 1 of the Pits of Slime
 18132 | Slime:5  | Entered Level 5 of the Pits of Slime
 18175 | Slime:5  | Reached skill level 1 in Dodging
 18177 | Slime:5  | Noticed the Royal Jelly
 18523 | Slime:5  | Paralysed by a floating eye for 4 turns
 18685 | Slime:5  | Paralysed by a floating eye for 4 turns
 18694 | Slime:5  | Found a viscous altar of Jiyva.
 18843 | Slime:5  | Killed the Royal Jelly
 18843 | Slime:5  | Reached XP level 19. HP: 180/180 MP: 14/26
 18887 | Slime:5  | Gained mutation: Your magical capacity is low. (-10% MP) [a
                  | shining eye]
 18889 | Slime:5  | Gained mutation: Your magical capacity is very low. (-20%
                  | MP) [a shining eye]
 18906 | Slime:5  | Lost mutation: Your magical capacity is very low. (-20% MP)
                  | [potion of mutation]
 18906 | Slime:5  | Lost mutation: Your magical capacity is low. (-10% MP)
                  | [potion of mutation]
 18906 | Slime:5  | Gained mutation: Your flesh is heat resistant. (rF+)
                  | [potion of mutation]
 18906 | Slime:5  | Gained mutation: You possess an exceptional clarity of
                  | mind. [potion of mutation]
 18914 | Slime:5  | Identified Wad Vaown's Tome of Floating Black Rites
 18920 | Slime:5  | Got a jewelled large shield
 18931 | Slime:5  | Identified the +3 large shield of Dramatic Exits {rF+++
                  | Str-2 Int+2} (You found it on level 5 of the Pits of Slime)
 18943 | Slime:5  | Got a slimy rune of Zot
 19254 | Orc:1    | Entered Level 1 of the Orcish Mines
 19254 | Orc:1    | Noticed Erolcha
 19255 | Orc:1    | Noticed Jorgrun
 19262 | Orc:1    | Killed Erolcha
 19271 | Orc:1    | Killed Jorgrun
 19632 | Orc:2    | Entered Level 2 of the Orcish Mines
 19632 | Orc:2    | Found Erigu's Antique Armour Shoppe.
 19684 | Orc:2    | Noticed Urug
 19700 | Orc:2    | Killed Urug
 19759 | Orc:2    | Found Weqi's Book Emporium.
 19917 | Orc:2    | Found Atzoczoo's General Store.
 19987 | Orc:2    | Found a staircase to the Elven Halls.
 19991 | Orc:2    | Found Sodynoat's Antique Weapon Boutique.
 19997 | Orc:2    | Reached skill level 5 in Dodging
 20064 | Orc:2    | Bought a potion of mutation for 120 gold pieces
 20064 | Orc:2    | Bought a potion of haste for 150 gold pieces
 20247 | Vaults:1 | Entered Level 1 of the Vaults
 20679 | Vaults:3 | Found Uhatened's Antique Weapon Boutique.
 20854 | Vaults:4 | Found Hoir's Armour Shoppe.
 20885 | Vaults:4 | Found Eliuprod's Gadget Shop.
 21087 | Vaults:5 | Entered Level 5 of the Vaults
 21100 | Vaults:5 | Reached XP level 20. HP: 189/189 MP: 27/27
 21247 | Vaults:5 | Noticed a golden dragon
 21268 | Vaults:5 | Killed a golden dragon
 21488 | Vaults:5 | Reached XP level 21. HP: 199/199 MP: 28/28
 21557 | Vaults:5 | Got a silver rune of Zot
 21599 | Vaults:5 | Got a wavering marble ring
 21601 | Vaults:5 | Identified the ring of Badghitsy {+Blink EV+4} (You found
                  | it on level 5 of the Vaults)
 21712 | Vaults:5 | Identified the +7 executioner's axe of Acwolyamm {drain,
                  | +Blink rF+}
 21769 | Vaults:5 | Reached skill level 15 in Fighting
 21780 | Vaults:5 | Got a heavily runed lead amulet
 21858 | Vaults:5 | Identified the ring "Vusoa" {Ice MR+ Int+5}
 21874 | Vaults:5 | Identified the +4 scale mail of Panentheism {+Blink Str+4}
 22068 | Vaults:5 | Identified the ring "Puteuf" {rF++ Dex-3 Stlth-}
 22120 | Vaults:5 | Identified the amulet "Turosa" {Gourm rF+ MR+} (You found
                  | it on level 5 of the Vaults)
 22235 | Vaults:5 | Identified Nushrau's Papyrus of Displaced Necromancy
 22243 | Vaults:5 | Identified the Volume of Burning Boosts
 22341 | Vaults:5 | Reached skill level 10 in Dodging
 22585 | Vaults:3 | Noticed Boris
 22619 | Vaults:3 | Killed Boris
 22949 | Vaults:3 | Found Cotilu's Assorted Antiques.
 22959 | Vaults:3 | Bought a pair of runed boots for 180 gold pieces
 22969 | Vaults:3 | Identified a +0 pair of boots of running (You bought it in
                  | a shop on level 3 of the Vaults)
 23444 | Vaults:2 | Reached XP level 22. HP: 209/209 MP: 29/29
 23446 | Vaults:2 | Noticed Saint Roka
 23470 | Vaults:2 | Killed Saint Roka
 23483 | Vaults:2 | Upgraded the game from 0.24-a0-441-g27f0392e16 to
                  | 0.24-a0-443-g80245de385
 23991 | Vaults:2 | Found a staircase to the Crypt.
 24633 | D:14     | Noticed Kirke
 24646 | D:14     | Killed Kirke
 24958 | D:15     | Entered Level 15 of the Dungeon
 25078 | D:15     | Found a staircase to the Depths.
 25215 | D:15     | Learned a level 2 spell: Song of Slaying
 25218 | D:15     | Learned a level 2 spell: Blink
 25232 | Depths:1 | Entered Level 1 of the Depths
 25307 | Depths:1 | Found a gateway to a ziggurat.
 25565 | Depths:1 | Found a gateway to Hell.
 25755 | Depths:2 | Found a transporter.
 25755 | Depths:2 | Noticed iamserjio's ghost (veteran OpWn)
 25766 | Depths:2 | Noticed an ancient lich
 25792 | Depths:2 | Found Pirudghei's Antique Armour Boutique.
 25792 | Depths:2 | Found a transporter.
 25799 | Depths:2 | Reached XP level 23. HP: 220/220 MP: 30/30
 25805 | Depths:2 | Identified the +4 hand axe "Ultimatum" {freeze, rN+ Str+3
                  | Int+4}
 25909 | Depths:2 | Killed an ancient lich
 25958 | Depths:2 | Killed iamserjio's ghost
 25969 | Depths:2 | Got a spiked cloak
 25980 | Depths:2 | Identified the -2 cloak of a Hundred Continents {rC+++
                  | Str-5 Int-3 Stlth+} (You found it on level 2 of the Depths)
 26060 | Depths:2 | Noticed Nikola
 26063 | Depths:2 | Paralysed by a floating eye for 4 turns
 26077 | Depths:2 | Killed Nikola
 26724 | Hell     | Entered the Vestibule of Hell
 26734 | Hell     | Noticed Geryon
 26779 | Hell     | Noticed Murray
 27693 | Depths:3 | Reached XP level 24. HP: 231/231 MP: 30/30
 27787 | Depths:3 | Found a one-way gate leading to the halls of Pandemonium.
 28398 | Depths:4 | Noticed Boris
 28430 | Depths:4 | Killed Boris
 28463 | Depths:4 | Found Poyhebom's Armour Boutique.
 28574 | Depths:4 | Noticed Margery
 28598 | Depths:4 | Killed Margery
 28634 | Depths:4 | Found Wiyck's Antique Armour Shop.
 28802 | Depths:4 | Found Toettupa's Antique Armour Shop.
 28824 | Depths:4 | Identified the ring of Eczyopho {+Fly rPois}
 29071 | Depths:4 | Got an ancient marble ring
 29072 | Depths:4 | Identified the ring "Bihomp" {Fire rN++} (You found it on
                  | level 4 of the Depths)
 29185 | Depths:4 | Got a clouded lead ring
 29186 | Depths:4 | Identified the cursed ring "Hurphodgh" {rElec rC+ MR- Str+6
                  | Dex-3} (You found it on level 4 of the Depths)
 29248 | Depths:4 | Found a one-way gate to the infinite horrors of the Abyss.
 29314 | Depths:5 | Entered Level 5 of the Depths
 29314 | Depths:5 | Noticed a juggernaut
 29326 | Depths:5 | Killed a juggernaut
 29326 | Depths:5 | Reached XP level 25. HP: 241/241 MP: 30/30
 29470 | Depths:5 | Found a gate to the Realm of Zot.
 29958 | Depths:5 | Reached skill level 15 in Dodging
 30337 | Elf:1    | Entered Level 1 of the Elven Halls
 30479 | Elf:1    | You fall into a shaft and drop 1 floor!
 30479 | Elf:2    | Found a runed translucent gate.
 30479 | Elf:2    | Found a runed translucent gate.
 30479 | Elf:2    | Found a runed translucent gate.
 30721 | Elf:1    | Noticed Asterion
 30734 | Elf:1    | Killed Asterion
 30973 | Elf:1    | Identified the Almanac of Necromancy
 31245 | Elf:2    | Noticed Azrael
 31251 | Elf:2    | Killed Azrael
 31261 | Elf:2    | Reached skill level 27 in Axes
 31513 | Elf:2    | Reached skill level 1 in Charms
 31528 | Elf:2    | Reached skill level 1 in Spellcasting
 31751 | Elf:3    | Entered Level 3 of the Elven Halls
 32183 | Elf:3    | Identified the ring of the Rose {*Slow rN+ MR+ Str+2}
 32235 | Elf:3    | Reached XP level 26. HP: 253/253 MP: 30/30
 32404 | Elf:3    | Identified the Tome of Igneous Contamination
 32447 | Elf:3    | Identified the ring of the Robin {rC++ MR- Slay+4 Stlth+}
                  | (You found it on level 3 of the Elven Halls)
 32465 | Elf:3    | Found the +14 obsidian axe {chop, +Fly SInv *Curse}
 32473 | Elf:3    | Identified Ugicvud's Almanac of Blistering Clay
 32478 | Elf:3    | Got a transparent cloak
 32494 | Elf:3    | Identified the +0 cloak "Tafehym" {rC+ Int+3 Dex+3} (You
                  | found it on level 3 of the Elven Halls)
 32945 | Crypt:1  | Entered Level 1 of the Crypt
 32989 | Crypt:1  | Noticed Bai Suzhen
 33003 | Crypt:1  | Killed Bai Suzhen
 33024 | Crypt:1  | Noticed Mara
 33029 | Crypt:1  | Noticed Veteran's illusion
 33038 | Crypt:1  | Killed Mara
 33978 | Crypt:2  | Reached skill level 5 in Charms
 34582 | Crypt:2  | Noticed Boris
 34589 | Crypt:2  | Killed Boris
 34662 | Crypt:3  | Entered Level 3 of the Crypt
 34675 | Crypt:3  | Reached skill level 5 in Spellcasting
 34758 | Crypt:3  | Noticed Boris
 34771 | Crypt:3  | Killed Boris
 34918 | Crypt:3  | Found a staircase to the Tomb.
 34925 | Crypt:3  | Noticed an ancient lich
 34936 | Crypt:3  | Killed an ancient lich
 35004 | Crypt:3  | Found an ancient bone altar of Kikubaaqudgha.
 35047 | Crypt:3  | Identified the Disquisition on Unholy Secrets
 35267 | Crypt:3  | Identified the Incunabulum of Spatial Evil Rites
 35744 | Zot:1    | Entered Level 1 of the Realm of Zot
 35807 | Zot:1    | Reached XP level 27. HP: 262/262 MP: 30/30
 35976 | Zot:1    | Got a coiled platinum ring
 35977 | Zot:1    | Identified the ring "Xocsaosy" {Str+6 Stlth+} (You found it
                  | on level 1 of the Realm of Zot)
 36236 | Zot:2    | Noticed an orb of fire
 36253 | Zot:2    | Killed an orb of fire
 36631 | Zot:2    | Noticed an orb of fire
 36631 | Zot:2    | Gained mutation: You are clumsy. (Dex -2) [an orb of fire]
 36632 | Zot:2    | Gained mutation: You are frail. (-10% HP) [an orb of fire]
 36641 | Zot:2    | Killed an orb of fire
 38041 | Zot:4    | Identified the Disquisition on the Glacier and the Arsonist
 38610 | Zot:4    | Lost mutation: You are frail. (-10% HP) [potion of
                  | mutation]
 38610 | Zot:4    | Lost mutation: You are clumsy. (Dex -2) [potion of
                  | mutation]
 38610 | Zot:4    | Gained mutation: Your movements are slightly less
                  | encumbered by armour. (ER -2) [potion of mutation]
 38610 | Zot:4    | Lost mutation: Your flesh is heat resistant. (rF+) [potion
                  | of mutation]
 38610 | Zot:4    | Gained mutation: You are partially covered in icy blue
                  | scales. (AC +2) [potion of mutation]
 38610 | Zot:4    | Gained mutation: You are surrounded by a mild repulsion
                  | field. (EV +2) [potion of mutation]
 39572 | Hell     | Noticed an ancient lich
 39591 | Hell     | Killed an ancient lich
 39595 | Hell     | Killed Murray
 39595 | Hell     | Reached skill level 10 in Charms
 39665 | Hell     | Killed Geryon
 39722 | Hell     | Found a gateway to the freezing wastes of Cocytus.
 39764 | Hell     | Found a gateway to the decaying netherworld of Tartarus.
 39822 | Hell     | Found a gateway to the ashen valley of Gehenna.
 39884 | Hell     | Found a gateway to the Iron City of Dis.
 39934 | Tar:1    | Entered Level 1 of Tartarus
 40206 | Tar:7    | Entered Level 7 of Tartarus
 40567 | Tar:7    | Noticed Ereshkigal
 40745 | Tar:7    | Reached skill level 10 in Spellcasting
 40889 | Tar:7    | Killed Ereshkigal
 41188 | Tar:7    | Got a bone rune of Zot
 41235 | Tar:7    | Noticed an ancient lich
 41242 | Tar:7    | Killed an ancient lich
 41518 | Tar:7    | Identified the ring of Qeutovu {rElec rPois Str+2 Int+2
                  | Dex+4} (You found it on level 7 of Tartarus)
 41607 | Tar:7    | Noticed an ancient lich
 41615 | Tar:7    | Killed an ancient lich
 41766 | Dis:1    | Entered Level 1 of the Iron City of Dis
 42884 | Dis:7    | Entered Level 7 of the Iron City of Dis
 42949 | Dis:7    | Reached skill level 27 in Armour
 43486 | Dis:7    | Learned a level 5 spell: Aura of Abjuration
 43519 | Dis:7    | Reached skill level 1 in Summonings
 43615 | Dis:7    | Identified the ring "Yvis" {MR+ MP+9} (You found it on
                  | level 7 of the Iron City of Dis)
 43765 | Dis:7    | Identified the +4 staff of Dispater
 43765 | Dis:7    | Noticed Dispater
 43803 | Dis:7    | Killed Dispater
 43869 | Dis:7    | Got an iron rune of Zot
 43962 | Dis:7    | HP: 11/273 [Hell Sentinel/iron shot (42)]
 44254 | Orc:2    | Bought a Necronomicon for 1324 gold pieces
 44263 | Orc:2    | Learned a level 8 spell: Necromutation
 44450 | Pan      | Entered Pandemonium
 44485 | Pan      | Reached skill level 1 in Necromancy
 44499 | Pan      | Reached skill level 1 in Transmutations
 44641 | Pan      | Noticed Micam the pandemonium lord
 44684 | Pan      | Killed Micam the pandemonium lord
 44691 | Pan      | Got a demonic rune of Zot
 44805 | Pan      | Gained mutation: Your magical capacity is low. (-10% MP) [a
                  | neqoxec]
 44809 | Pan      | Found an exit through the horrors of the Abyss.
 44900 | Pan      | Reached skill level 5 in Necromancy
 45074 | Pan      | Noticed Joc Gung the pandemonium lord
 45120 | Pan      | Killed Joc Gung the pandemonium lord
 45120 | Pan      | Reached skill level 5 in Transmutations
 45867 | Pan      | Found a runed translucent door.
 45874 | Pan      | Found a runed translucent door.
 45877 | Pan      | Found a runed translucent door.
 46087 | Pan      | Found a runed translucent door.
 46193 | Pan      | Noticed Jaotuorch the pandemonium lord
 46195 | Pan      | Cast into level 4 of the Abyss (Jaotuorch)
 46196 | Abyss:4  | Found a runed translucent door.
 46373 | Abyss:4  | Got an abyssal rune of Zot
 46492 | Pan      | Escaped the Abyss
 46516 | Pan      | Killed Jaotuorch the pandemonium lord
 46561 | Pan      | Entered the realm of Cerebov.
 46866 | Pan      | Reached skill level 10 in Necromancy
 46874 | Pan      | Found an exit through the horrors of the Abyss.
 47220 | Pan      | Identified the amulet of Trog's Pride {-Tele +Rage rF+
                  | Slay+2}
 47294 | Pan      | Identified the +6 sword of Cerebov {flame}
 47294 | Pan      | Identified the amulet "Qoaxaj" {Faith Dex+4}
 47294 | Pan      | Noticed Cerebov
 47318 | Pan      | Killed Cerebov
 47397 | Pan      | Got a fiery rune of Zot
 47417 | Pan      | Got a faintly glowing wooden ring
 47419 | Pan      | Identified the ring "Gewoik" {rPois rC+} (You found it in
                  | Pandemonium)
 47592 | Pan      | Noticed Sophinik the pandemonium lord
 47609 | Pan      | Killed Sophinik the pandemonium lord
 47609 | Pan      | Reached skill level 10 in Transmutations
 48346 | Pan      | Entered the realm of Gloorx Vloq.
 48746 | Pan      | Reached skill level 15 in Necromancy
 48749 | Pan      | Found an exit through the horrors of the Abyss.
 48896 | Pan      | Noticed Gloorx Vloq
 48913 | Pan      | Killed Gloorx Vloq
 48953 | Pan      | Got a dark rune of Zot
 49420 | Pan      | Found an exit through the horrors of the Abyss.
 49622 | Pan      | Entered the realm of Lom Lobon.
 49622 | Pan      | Found an exit through the horrors of the Abyss.
 49896 | Pan      | Noticed Lom Lobon
 49928 | Pan      | Killed Lom Lobon
 49932 | Pan      | Got a magical rune of Zot
 50102 | Pan      | Found an exit through the horrors of the Abyss.
 50410 | Pan      | Found an exit through the horrors of the Abyss.
 50500 | Pan      | Entered the realm of Mnoleg.
 50620 | Pan      | Noticed Mnoleg
 50625 | Pan      | Reached skill level 1 in Evocations
 50637 | Pan      | Paralysed by a floating eye for 3 turns
 50644 | Pan      | Paralysed by a floating eye for 2 turns
 50650 | Pan      | Paralysed by a floating eye for 2 turns
 50660 | Pan      | Killed Mnoleg
 50660 | Pan      | Reached skill level 5 in Evocations
 50819 | Pan      | Got a glowing rune of Zot
 51246 | Pan      | Found an exit through the horrors of the Abyss.
 51343 | Depths:3 | Escaped Pandemonium
 51411 | Coc:1    | Entered Level 1 of Cocytus
 52102 | Coc:6    | Reached skill level 10 in Evocations
 52256 | Coc:7    | Entered Level 7 of Cocytus
 52256 | Coc:7    | Noticed Antaeus
 52328 | Coc:7    | Killed Antaeus
 52393 | Coc:7    | Got an icy rune of Zot
 52396 | Coc:7    | Identified Wadaal's Guide on Warped Conjuration
 52544 | Coc:7    | Reached skill level 15 in Transmutations
 52640 | Geh:1    | Entered Level 1 of Gehenna
 53185 | Geh:7    | Entered Level 7 of Gehenna
 53450 | Geh:7    | Noticed the Serpent of Hell
 53473 | Geh:7    | Killed the Serpent of Hell
 53788 | Geh:7    | Found the +4 dagger "Morg" {pain, MR+ Int+5}
 54463 | Geh:7    | Identified the +7 sceptre of Asmodeus
 54463 | Geh:7    | Noticed Asmodeus
 54484 | Geh:7    | Killed Asmodeus
 54498 | Geh:7    | Found the ring of Shadows {Umbra +Inv Stlth+}
 54508 | Geh:7    | Got an obsidian rune of Zot
 54580 | Geh:7    | Identified the Collected Works on the Mutagenic Rocks
 54583 | Geh:7    | Got a wavering lead ring
 54586 | Geh:7    | Identified the ring of the Snail {MR+ Dex+4 SInv} (You
                  | found it on level 7 of Gehenna)
 54598 | Geh:7    | Got a brightly glowing tin ring
 54600 | Geh:7    | Identified the ring of Boneiff {Fire +Inv Int+3 Dex+2} (You
                  | found it on level 7 of Gehenna)
 55198 | Vaults:1 | Paralysed by a floating eye for 4 turns
 55460 | Vaults:1 | Reached skill level 15 in Spellcasting
 56101 | Tomb:1   | Entered Level 1 of the Tomb of the Ancients
 56476 | Tomb:1   | Noticed a greater mummy
 56487 | Tomb:1   | Killed a greater mummy
 56489 | Tomb:1   | Noticed a greater mummy
 56495 | Tomb:1   | Noticed a greater mummy
 56502 | Tomb:1   | Killed a greater mummy
 56507 | Tomb:1   | Killed a greater mummy
 56713 | Tomb:2   | Noticed Jory
 56715 | Tomb:2   | Noticed a greater mummy
 56716 | Tomb:2   | Noticed a greater mummy
 56717 | Tomb:2   | Noticed a greater mummy
 56719 | Tomb:2   | Noticed a greater mummy
 56720 | Tomb:2   | Noticed a greater mummy
 56732 | Tomb:2   | Killed a greater mummy
 56733 | Tomb:2   | Killed a greater mummy
 56737 | Tomb:2   | Killed a greater mummy
 56737 | Tomb:2   | Killed a greater mummy
 56738 | Tomb:2   | Killed Jory
 56745 | Tomb:2   | Reached skill level 5 in Summonings
 56757 | Tomb:2   | Killed a greater mummy
 56810 | Tomb:2   | Paralysed by the power of Zot for 3 turns
 57042 | Tomb:1   | Noticed a greater mummy
 57052 | Tomb:1   | Killed a greater mummy
 57057 | Tomb:1   | Noticed a greater mummy
 57057 | Tomb:1   | Noticed a greater mummy
 57065 | Tomb:1   | Noticed a greater mummy
 57072 | Tomb:1   | Noticed a greater mummy
 57077 | Tomb:1   | Noticed a greater mummy
 57084 | Tomb:1   | Noticed a greater mummy
 57084 | Tomb:1   | Noticed a greater mummy
 57086 | Tomb:1   | Killed a greater mummy
 57092 | Tomb:1   | Noticed Boris
 57194 | Tomb:1   | Killed a greater mummy
 57200 | Tomb:1   | Noticed a greater mummy
 57201 | Tomb:1   | Killed Boris
 57209 | Tomb:1   | Noticed a greater mummy
 57213 | Tomb:1   | Killed a greater mummy
 57219 | Tomb:1   | Killed a greater mummy
 57234 | Tomb:1   | Killed a greater mummy
 57264 | Tomb:1   | Noticed a greater mummy
 57265 | Tomb:1   | Killed a greater mummy
 57275 | Tomb:1   | Killed a greater mummy
 57276 | Tomb:1   | Noticed a greater mummy
 57277 | Tomb:1   | Noticed a greater mummy
 57433 | Tomb:1   | Killed a greater mummy
 57441 | Tomb:1   | Killed a greater mummy
 57447 | Tomb:1   | Killed a greater mummy
 57456 | Tomb:1   | Killed a greater mummy
 57468 | Tomb:1   | Killed a greater mummy
 57577 | Tomb:1   | Noticed a greater mummy
 57588 | Tomb:1   | Killed a greater mummy
 57599 | Tomb:1   | Noticed a greater mummy
 57614 | Tomb:1   | Noticed a greater mummy
 57616 | Tomb:1   | Killed a greater mummy
 57630 | Tomb:1   | Killed a greater mummy
 57660 | Tomb:1   | Noticed a greater mummy
 57674 | Tomb:1   | Killed a greater mummy
 57693 | Tomb:1   | Noticed a greater mummy
 57704 | Tomb:1   | Killed a greater mummy
 57705 | Tomb:1   | Noticed a greater mummy
 57711 | Tomb:1   | Killed a greater mummy
 57716 | Tomb:1   | Noticed a greater mummy
 57719 | Tomb:1   | Noticed a greater mummy
 57728 | Tomb:1   | Killed a greater mummy
 57736 | Tomb:1   | Killed a greater mummy
 57902 | Tomb:3   | Entered Level 3 of the Tomb of the Ancients
 57916 | Tomb:3   | Identified the +6 morningstar "Pasyskor" {freeze, rElec rC+
                  | rN+ Int-5}
 57921 | Tomb:3   | Noticed a greater mummy
 57921 | Tomb:3   | Noticed a greater mummy
 57924 | Tomb:3   | Noticed a greater mummy
 57924 | Tomb:3   | Noticed a greater mummy
 57972 | Tomb:3   | Noticed a greater mummy
 57976 | Tomb:3   | Killed a greater mummy
 57989 | Tomb:3   | Killed a greater mummy
 57989 | Tomb:3   | Noticed a greater mummy
 57997 | Tomb:3   | Killed a greater mummy
 57997 | Tomb:3   | Noticed a greater mummy
 58008 | Tomb:3   | Paralysed by the power of Zot for 2 turns
 58019 | Tomb:3   | Noticed a greater mummy
 58031 | Tomb:3   | Killed a greater mummy
 58031 | Tomb:3   | Reached skill level 27 in Necromancy
 58046 | Tomb:3   | Killed a greater mummy
 58069 | Tomb:3   | Noticed a greater mummy
 58074 | Tomb:3   | Killed a greater mummy
 58080 | Tomb:3   | Killed a greater mummy
 58087 | Tomb:3   | Killed a greater mummy
 58089 | Tomb:3   | Killed a greater mummy
 58211 | Tomb:3   | Got a golden rune of Zot
 58267 | Tomb:3   | Identified Sif Muna's Collected Works on the Escort and
                  | Hexes
 58271 | Tomb:3   | Identified the Tome of Combat Magic and Evil
 58974 | Zot:5    | Entered Level 5 of the Realm of Zot
 59011 | Zot:5    | Reached skill level 1 in Translocations
 59089 | Zot:5    | Reached skill level 10 in Summonings
 59121 | Zot:5    | Noticed an ancient lich
 59135 | Zot:5    | Killed an ancient lich
 59165 | Zot:5    | Noticed an orb of fire
 59178 | Zot:5    | Killed an orb of fire
 59190 | Zot:5    | Noticed an orb of fire
 59202 | Zot:5    | Killed an orb of fire
 59265 | Zot:5    | Noticed an orb of fire
 59275 | Zot:5    | Noticed an orb of fire
 59289 | Zot:5    | Noticed an ancient lich
 59297 | Zot:5    | Killed an orb of fire
 59299 | Zot:5    | Killed an orb of fire
 59310 | Zot:5    | Killed an ancient lich
 59327 | Zot:5    | Got the Orb of Zot
 59352 | Zot:5    | Found the +10 large shield of Ignorance {rN+ Int-4}
 59541 | Zot:3    | Noticed a seraph
 59651 | Depths:3 | Noticed a seraph
 59651 | Depths:3 | Identified the +1 buckler of a treasure trove {rF+}
 59853 | D:9      | Noticed Opnith the pandemonium lord
 60119 | D:$      | Escaped with the Orb!

Levels and vault maps discovered:
D:1:      erik_arrival_cave_to_civilisation [erik_arrival_cave_to_hall],
          layout_basic
D:2:      layout_basic
D:3:      layout_rooms
D:4:      layout_loops_ring, first_ration
D:5:      layout_cave_pools
D:6:      layout_basic, portal_sewer_entry_f
D:7:      layout_cave_pools, minmay_temple_entry_statues_fountains,
          serial_shops, nicolae_shop_crystal, grunt_ogre_cave
D:8:      wander_kiku_kobolds, layout_loops_corners,
          eat_drink_and_be_merry_uskayaw, enter_bailey_2, uniq_joseph
D:9:      layout_cave_pools, serial_shops, nicolae_shop_waterfront, shop,
          kennysheep_generic_room_12
D:10:     layout_rooms, serial_shops, shop, nicolae_qazlal_general_emergency,
          uniq_psyche
D:11:     layout_basic, dpeg_lair_monsters, serial_shops, shop,
          nemelex_diamond_rough_becter, uniq_harold
D:12:     layout_roguey, orc_0_dummy, nicolae_water_bricks,
          fedhas_altar_fruit_tree
D:13:     layout_basic, skrybe_vaults_entry_preservation
D:14:     cheibrodos_magma_flow, layout_long_grid,
          ebering_dispersal_statue_hall, minmay_misc_feat_room,
          onia_ninara_dug_in_and_dangerous, uniq_kirke
D:15:     hangedman_depths_entry_civil_slaughter, layout_cave_pools,
          minmay_crystal_room
Temple:   compressed_dpeg_triangle_lava_temple
Lair:1:   layout_misc_corridors, uniq_gastronok
Lair:2:   layout_layer_cave
Lair:3:   layout_misc_corridors, gauntlet_entry_generic,
          chequers_serial_rivers_micro_d, grunt_megastairs_3
Lair:4:   layout_gridlike, minmay_shoals_entry_lonely_mermaid,
          guppyfry_snake_entry_island, special_room [special_room_bee],
          nicolae_quartered_pool_little, chequers_serial_rivers_micro_a,
          uniq_nergalle, uniq_snorg
Lair:5:   layout_cave_pods, dpeg_slime_entry_enclosed_altar, lemuel_fruit_tree,
          grunt_megastairs_4, minmay_lair_oklob_chamber
Lair:6:   hangedman_lair_in_review, layout_hall_layers,
          guppyfry_lair_end_dragon, ebering_ghost_inner_flame
Shoals:1: layout_shoals
Shoals:2: layout_shoals
Shoals:3: layout_shoals, serial_shops, shop, minmay_shop_mayhem
Shoals:4: shoals_end_simple, layout_shoals, ebering_ghost_gozag,
          nicolae_shoals_kraken_intersection
Snake:1:  layout_basic, minmay_shop_grove, uniq_louise
Snake:2:  layout_layer_cave, minmay_shoptagon, grunt_megastairs_1
Snake:3:  layout_onion
Snake:4:  grunt_snake_rune_pools, layout_misc_corridors, basic_altar,
          serial_shops, bzr_entry_gold, special_room, uniq_vashnia
Slime:1:  layout_caves
Slime:2:  layout_caves
Slime:3:  layout_caves
Slime:4:  cheibrodos_slime_lost_civilization_3, layout_caves
Slime:5
Orc:1:    layout_caves, uniq_erolcha, uniq_jorgrun
Orc:2:    grunt_orc_gardens, layout_caves, grunt_orc_garden, grunt_orc_garden,
          grunt_orc_garden, grunt_orc_garden, uniq_urug
Elf:1:    eino_elf_arrival_customs, layout_loops_corners, minmay_elf_necromancy,
          minivault_16, uniq_asterion
Elf:2:    layout_geoelf_octagon, uniq_azrael
Elf:3:    minmay_elf_hall_curves, layout_geoelf_octagon
Vaults:1: ontoclasm_vaults_claustrophobia, nicolae_vaults_network_square,
          st_greater_box_2, nicolae_vaults_network_star,
          nicolae_vaults_little_squares_4, v_misc_8, v_pattern_3, v_misc_8,
          hangedman_vaults_capsules, ontoclasm_vaults_twist,
          layout_vaults_omnicross
Vaults:2: v_misc_5, minmay_crypt_entry_simple_box, vaults_room_semicircle,
          ontoclasm_vaults_gateway, v_misc_1, layout_vaults_omnigrid,
          uniq_saint_roka
Vaults:3: v_misc_5, nicolae_vaults_little_ls, vaults_mumra_minichess_inversion,
          hangedman_vaults_snaps, ontoclasm_vaults_ring_square,
          nicolae_vaults_inception_scallops, v_pattern_1, v_alt_pattern_5,
          ontoclasm_vaults_eye, v_misc_22, vaults_dpeg_diagonal,
          layout_vaults_maze_bifur, serial_shops, shop_fountains,
          shop_fountains, uniq_boris
Vaults:4: nicolae_vaults_big_angled_halls, vaults_room_door_ring, v_misc_11,
          st_eye, grunt_vaults_swirl, nicolae_vaults_little_squares_2,
          v_misc_22, vaults_room_pool, nicolae_vaults_shelves_hall,
          vaults_room_fours, vaults_room_grunt_arrival_ludios,
          layout_vaults_omnibox, serial_shops, shop, shop
Vaults:5
Crypt:1:  layout_catacombs, grunt_crypt_arrival_webbed, uniq_mara,
          uniq_bai_suzhen
Crypt:2:  layout_basic
Crypt:3:  cryptofortress_bobbens
Tomb:1
Tomb:2:   uniq_jory
Tomb:3
Depths:1: layout_cave_pools, enter_ziggurat_d, minmay_misc_feat_iff, hell_entry,
          kennysheep_generic_room_16
Depths:2: kennysheep_bubble_arena, layout_cave_shapes, kennysheep_donut,
          serial_shops, shop_fountains, gammafunk_ghost_mausoleum,
          hangedman_coc_ice_floe, infiniplex_staircase_door_maze, uniq_nikola
Depths:3: minmay_spiral_squares, layout_cave_pools, grunt_hell_horde, pan_entry,
          kennysheep_generic_room_7, infiniplex_staircase_zigzag_5,
          serial_bayou_shore_a
Depths:4: hangedman_spin_cycle, hell_entry, abyss_entry
Depths:5: grunt_zot_entry_funnels, layout_basic, grunt_pan_entry_zigzag,
          hangedman_decor_slide_cut, abyss_entry, hell_entry,
          serial_bayou_shore_b
Hell
Dis:1:    layout_regular_city, grunt_dis_stairs_iron_hall
Dis:2:    layout_regular_city, nrook_loot_triangle
Dis:3:    layout_subdivisions
Dis:4:    layout_subdivisions
Dis:5:    layout_gridville
Dis:6:    layout_jigsaw
Dis:7:    iron_city_of_dis [dis_grunt, dis_wall_7], layout_chaotic_city
Geh:1:    layout_gehenna_pools_triple
Geh:2:    layout_gehenna_pools_triple
Geh:3:    layout_gehenna_lava_caves, lemuel_flamethrower_3
Geh:4:    layout_gehenna_lava_caves
Geh:5:    layout_gehenna_lava_caves
Geh:6:    layout_gehenna_lava_caves
Geh:7:    geh_mu
Coc:1:    layout_ice_bergs, serial_ice, serial_ice_c, serial_ice_n,
          serial_ice_o, serial_ice_d
Coc:2:    layout_ice_bergs, serial_ice, serial_ice_m
Coc:3:    layout_ice_bergs
Coc:4:    layout_cocytus_water_paths
Coc:5:    layout_cocytus_water_paths
Coc:6:    layout_ice_bergs
Coc:7:    coc_hangedman
Tar:1:    layout_catacombs, nicolae_tar_cuneiform_bird
Tar:2:    layout_grid_maze
Tar:3:    regret_index_dithmenos_brocken_genspenst, layout_cathedral_of_symmetry
Tar:4:    layout_grid_maze
Tar:5:    layout_honeycomb, nicolae_tar_cuneiform_oil
Tar:6:    layout_honeycomb
Tar:7:    tar_grunt, tar_grunt_ereshkigal, tar_grunt_big_loot,
          tar_grunt_small_loot, tar_grunt_small_loot, tar_grunt_small_loot,
          tar_grunt_small_decor_pillar, tar_grunt_decor_circle_5,
          tar_grunt_decor_cross_diag, tar_grunt_decor_8, tar_grunt_decor_1,
          tar_grunt_decor_6, tar_grunt_decor_6, tar_grunt_decor_circle_5,
          tar_grunt_small_decor_pillar, tar_grunt_decor_3,
          tar_grunt_decor_cross_diag, tar_grunt_small_decor_pillar,
          tar_grunt_small_decor_pillar, tar_grunt_decor_circle_5,
          tar_grunt_decor_4
Zot:1:    layout_misc_corridors
Zot:2:    grunt_twist_and_shout, layout_cathedral_of_symmetry,
          hangedman_zot_gyre
Zot:3:    layout_gridville, grunt_ministairs_5
Zot:4:    lemuel_halls_of_wrath, layout_cathedral_of_symmetry, st_stairs_5,
          skrybe_zot_glass_3
Zot:5:    layout_basic

Skill      XL: |  1  2  3  4  5  6  7  8  9 10 11 12 13 14 15 16 17 18 19 20 21 22 23 24 25 26 27 |
---------------+----------------------------------------------------------------------------------+-----
Fighting       | 3 4 5 6 7 8 9 10 11 12 13 14 15 16 17 18 22 | 22.1
Axes           | 3 4 5 6 8 10 11 12 14 15 16 17 19 20 21 22 23 24 25 26 27 | 27.0
Shields        | 4 5 6 7 8 9 10 11 12 13 14 15 16 17 18 19 | 19.1
Armour         | 4 5 6 7 8 9 10 11 12 13 14 15 16 17 18 19 20 22 23 27 | 27.0
Invocations    | 2 5 7 9 11 12 13 14 15 16 | 16.3
Dodging        | 4 6 9 10 12 13 14 15 16 20 | 20.8
Charms         | 3 6 13 | 13.1
Spellcasting   | 2 6 18 | 18.3
Summonings     | 12 | 12.9
Necromancy     | 27 | 27.0
Transmutations | 20 | 20.1
Evocations     | 11 | 11.1
Translocations | 3 |  3.3

Action                   |  1- 3 |  4- 6 |  7- 9 | 10-12 | 13-15 | 16-18 | 19-21 | 22-24 | 25-27 || total
-------------------------+-------+-------+-------+-------+-------+-------+-------+-------+-------++-------
Melee: War axe           |   100 |   203 |   284 |   738 |    84 |       |       |       |       ||  1409
       Broad axe         |       |       |       |       |   934 |  1311 |  1231 |  1689 |  3497 ||  8662
       Executioner's axe |       |       |       |       |       |       |       |       |  3169 ||  3169
       Staff             |       |       |       |       |       |       |       |       |     2 ||     2
 Cast: Song of Slaying   |       |       |       |       |       |       |       |       |    57 ||    57
       Necromutation     |       |       |       |       |       |       |       |       |    33 ||    33
       Aura of Abjuratio |       |       |       |       |       |       |       |       |     4 ||     4
 Abil: Heal Wounds       |       |     2 |    12 |     1 |     1 |       |       |       |       ||    16
       Evoke Berserk Rag |       |       |     2 |       |       |       |       |       |     7 ||     9
Evoke: Wand              |       |       |       |     1 |     4 |       |       |     5 |    18 ||    28
       Phantom mirror    |       |       |       |       |       |       |       |       |     2 ||     2
  Use: Scroll            |       |       |    11 |    12 |    16 |     7 |    12 |    17 |    46 ||   121
       Potion            |       |       |     2 |     1 |     1 |     3 |     4 |     9 |    50 ||    70
 Stab: Paralysed         |       |       |       |     4 |     5 |       |       |       |       ||     9
       Distracted        |       |       |       |       |       |       |     2 |       |    50 ||    52
       Invisible         |       |       |       |       |       |       |       |       |     2 ||     2
  Eat: Chunk             |       |     3 |     5 |    13 |    19 |     9 |     4 |     3 |     5 ||    61
       Ration            |       |       |     1 |     1 |     1 |     3 |     4 |     6 |    29 ||    45
Armor: Scale mail        |    42 |    51 |       |       |       |       |       |       |       ||    93
       Chain mail        |       |    60 |    13 |   359 |   532 |   246 |       |       |       ||  1210
       Plate armour      |       |       |   186 |       |       |   393 |   255 |       |       ||   834
       Gold dragon scale |       |       |       |       |       |       |   285 |  1018 |  4249 ||  5552
       Skin              |       |       |       |       |       |       |       |       |    55 ||    55
Dodge: Dodged            |    35 |    61 |    43 |   165 |   173 |   241 |   286 |   514 |  4821 ||  6339
Block: Shield            |    64 |   101 |   173 |   439 |       |       |       |       |       ||   777
       Large shield      |       |       |       |    71 |  1229 |  1673 |  1532 |  2242 |  3727 || 10474

Table legend:
 A = Non-vault XP
 B = Vault XP
 C = Vault XP percentage of total XP
 D = Non-vault monster count
 E = Vault monster count
 F = Vault count percentage of total count
                 A         B        C        D         E       F
            +---------+---------+-------+---------+---------+-------
      Total | 1791889 | 2023523 |  53.0 |    2853 |    1801 |  38.7
            +---------+---------+-------+---------+---------+-------
        D:1 |      51 |       0 |   0.0 |      29 |       0 |   0.0
        D:2 |      78 |       0 |   0.0 |      27 |       0 |   0.0
        D:3 |     228 |       0 |   0.0 |      31 |       0 |   0.0
        D:4 |     223 |       0 |   0.0 |      12 |       0 |   0.0
        D:5 |     717 |       0 |   0.0 |      16 |       0 |   0.0
        D:6 |    1060 |      13 |   1.2 |      28 |       5 |  15.2
        D:7 |    1054 |     122 |  10.4 |      21 |       1 |   4.5
        D:8 |    1980 |    1451 |  42.3 |      39 |      44 |  53.0
        D:9 |    2126 |     108 |   4.8 |      35 |       1 |   2.8
       D:10 |    1726 |     463 |  21.2 |      22 |       1 |   4.3
       D:11 |    2479 |    6282 |  71.7 |      23 |       7 |  23.3
       D:12 |    4722 |       0 |   0.0 |      27 |       0 |   0.0
       D:13 |    3489 |    2617 |  42.9 |      15 |       9 |  37.5
       D:14 |    4371 |    3871 |  47.0 |      25 |      12 |  32.4
       D:15 |    6264 |    4411 |  41.3 |      18 |       6 |  25.0
     Lair:1 |    3066 |    2265 |  42.5 |      18 |       1 |   5.3
     Lair:2 |    1155 |       0 |   0.0 |       3 |       0 |   0.0
     Lair:3 |   11175 |     468 |   4.0 |      29 |       1 |   3.3
     Lair:4 |    2663 |    5430 |  67.1 |       9 |      32 |  78.0
     Lair:5 |    2762 |     647 |  19.0 |      11 |       4 |  26.7
     Lair:6 |    8119 |   15332 |  65.4 |      19 |      36 |  65.5
   Shoals:1 |    8490 |       0 |   0.0 |      18 |       0 |   0.0
   Shoals:2 |    5239 |       0 |   0.0 |      12 |       0 |   0.0
   Shoals:3 |   14112 |       0 |   0.0 |      35 |       0 |   0.0
   Shoals:4 |   19038 |   23769 |  55.5 |      37 |      37 |  50.0
    Snake:1 |   20643 |    1677 |   7.5 |      42 |       1 |   2.3
    Snake:2 |   26889 |    3708 |  12.1 |      54 |       4 |   6.9
    Snake:3 |   18455 |       0 |   0.0 |      33 |       0 |   0.0
    Snake:4 |   19798 |   45452 |  69.7 |      44 |      66 |  60.0
    Slime:1 |   13022 |       0 |   0.0 |      17 |       0 |   0.0
    Slime:3 |   10321 |       0 |   0.0 |      15 |       0 |   0.0
    Slime:4 |   19587 |    4989 |  20.3 |      35 |       2 |   5.4
    Slime:5 |   16824 |   24371 |  59.2 |      31 |      10 |  24.4
      Orc:1 |    4610 |    3935 |  46.1 |      40 |       2 |   4.8
      Orc:2 |    1483 |   10443 |  87.6 |      22 |      28 |  56.0
      Elf:1 |   10486 |   10274 |  49.5 |      20 |      16 |  44.4
      Elf:2 |    8070 |   27079 |  77.0 |      15 |      37 |  71.2
      Elf:3 |   18541 |   37912 |  67.2 |      27 |      29 |  51.8
   Vaults:1 |   36522 |   47624 |  56.6 |      67 |      53 |  44.2
   Vaults:2 |   65436 |   15019 |  18.7 |      97 |      29 |  23.0
   Vaults:3 |   24632 |   34025 |  58.0 |      35 |      42 |  54.5
   Vaults:4 |    9958 |   10697 |  51.8 |      18 |       8 |  30.8
   Vaults:5 |   47778 |  138330 |  74.3 |      67 |     102 |  60.4
    Crypt:1 |   40585 |   11308 |  21.8 |      66 |       2 |   2.9
    Crypt:2 |   38826 |       0 |   0.0 |      47 |       0 |   0.0
    Crypt:3 |    5197 |   61981 |  92.3 |       1 |      87 |  98.9
     Tomb:1 |   18740 |  188223 |  90.9 |      31 |      80 |  72.1
     Tomb:2 |   12018 |   64523 |  84.3 |      38 |      55 |  59.1
     Tomb:3 |   12747 |   81428 |  86.5 |      27 |      59 |  68.6
   Depths:1 |   27033 |    9662 |  26.3 |      48 |       6 |  11.1
   Depths:2 |   23915 |   37099 |  60.8 |      32 |      22 |  40.7
   Depths:3 |   41474 |   64468 |  60.9 |      50 |      63 |  55.8
   Depths:4 |    5626 |  109522 |  95.1 |       2 |      92 |  97.9
   Depths:5 |   49140 |   27289 |  35.7 |      37 |      28 |  43.1
       Hell |   33741 |   33940 |  50.1 |      47 |      54 |  53.5
      Dis:1 |   13185 |   16262 |  55.2 |      17 |      40 |  70.2
      Dis:2 |   22984 |       0 |   0.0 |      37 |       0 |   0.0
      Dis:3 |    6401 |       0 |   0.0 |      12 |       0 |   0.0
      Dis:4 |      39 |       0 |   0.0 |       1 |       0 |   0.0
      Dis:5 |    5451 |       0 |   0.0 |       8 |       0 |   0.0
      Dis:6 |   20554 |       0 |   0.0 |      30 |       0 |   0.0
      Dis:7 |   56629 |  118177 |  67.6 |      66 |      88 |  57.1
      Geh:1 |    7874 |       0 |   0.0 |      25 |       0 |   0.0
      Geh:2 |    7602 |       0 |   0.0 |      17 |       0 |   0.0
      Geh:3 |   14355 |       0 |   0.0 |      30 |       0 |   0.0
      Geh:4 |    6528 |       0 |   0.0 |      17 |       0 |   0.0
      Geh:5 |   11090 |       0 |   0.0 |      23 |       0 |   0.0
      Geh:6 |   10703 |       0 |   0.0 |      17 |       0 |   0.0
      Geh:7 |   59596 |   69614 |  53.9 |      85 |      42 |  33.1
      Coc:1 |   11798 |    2289 |  16.2 |      25 |       9 |  26.5
      Coc:2 |   18033 |       0 |   0.0 |       8 |       0 |   0.0
      Coc:3 |   24540 |       0 |   0.0 |      22 |       0 |   0.0
      Coc:4 |   16570 |       0 |   0.0 |      29 |       0 |   0.0
      Coc:5 |    3850 |       0 |   0.0 |      10 |       0 |   0.0
      Coc:6 |   40091 |       0 |   0.0 |      65 |       0 |   0.0
      Coc:7 |   35969 |   56696 |  61.2 |      32 |      43 |  57.3
      Tar:1 |    3804 |       0 |   0.0 |       3 |       0 |   0.0
      Tar:2 |    1258 |       0 |   0.0 |       5 |       0 |   0.0
      Tar:3 |     551 |       0 |   0.0 |       2 |       0 |   0.0
      Tar:4 |    4295 |       0 |   0.0 |       7 |       0 |   0.0
      Tar:6 |    5947 |       0 |   0.0 |       9 |       0 |   0.0
      Tar:7 |   80606 |   83550 |  50.9 |      82 |      30 |  26.8
      Zot:1 |   36882 |       0 |   0.0 |      28 |       0 |   0.0
      Zot:2 |   63637 |   25757 |  28.8 |      31 |      21 |  40.4
      Zot:3 |   51030 |    7405 |  12.7 |      29 |       2 |   6.5
      Zot:4 |   52634 |   44098 |  45.6 |      31 |      51 |  62.2
      Zot:5 |   39907 |  169885 |  81.0 |      21 |      43 |  67.2
    Abyss:2 |    3110 |       0 |   0.0 |       9 |       0 |   0.0
    Abyss:4 |   21498 |    8202 |  27.6 |      33 |      25 |  43.1
        Pan |  244404 |  242375 |  49.8 |     323 |     155 |  32.4
      Sewer |       0 |     334 | 100.0 |       0 |      46 | 100.0
     Bailey |       0 |    1360 | 100.0 |       0 |      26 | 100.0
   Gauntlet |       0 |    5292 | 100.0 |       0 |       6 | 100.0
            +---------+---------+-------+---------+---------+-------
